 Dungeon Sprint DCSS version 0.28-a0-845-gfc338a8e3c (webtiles) character file.

Game seed: 16860611212699589465

24380 xpp the Slayer (level 13, -4/145 HPs)
             Began as a Hill Orc Fighter on Nov 13, 2021.
             Was the Champion of Beogh.
             Killed from afar by a wendigo (34 damage)
             ... with a seracfall
             ... in the Dungeon (Sprint V: "Ziggurat Sprint").
             The game lasted 00:35:05 (1511 turns).

xpp the Slayer (Hill Orc Fighter)                   Turns: 1511, Time: 00:35:05

Health: -4/145     AC: 27    Str: 29    XL:     13   Next: 12%
Magic:  15/15      EV:  5    Int:  8    God:    Beogh [******]
Gold:   0          SH: 31    Dex: 12    Spells: 12/12 levels left

rFire   + + .      SeeInvis +   G - +14 obsidian axe {vorpal, Mesm Drain Fly SInv}
rCold   + + .      Faith    +   H - +18 shield of the Gong {rElec rN+ Will+ EV-5}
rNeg    + + +      Spirit   .   c - +5 gold dragon scales
rPois   +          Reflect  .   (no helmet)
rElec   +          Harm     .   (no cloak)
rCorr   +          Rampage  .   (no gloves)
Will    +....      NoTele   +   (no boots)
Stlth   ..........              D - amulet "Okkeuddeu" {Faith rC+ rN+ Str+7}
HPRegen 0.34/turn               n - ring of Due Proportion {rF+ rN+ rCorr SInv}
MPRegen 0.14/turn               x - ring of Shadows {Umbra +Inv Stlth+}

@: mighty, flying, mesmerised, wreathed by umbra
A: walk on water
a: Renounce Religion, Evoke Invisibility, Smiting, Recall Orcish Followers, Give
Item to Named Follower, Resurrection


You were in the Dungeon.
You worshipped Beogh.
Beogh was exalted by your worship.
You visited 1 branch

Inventory:

Hand Weapons
 b - the +6 shortbow of Feral Integrity {freeze, rElec rPois Dex-3 SInv}
   (You found it in the Dungeon)

   Any ammunition fired from it freezes those it strikes, dealing additional
   cold damage.
   It can also slow down cold-blooded creatures.
   Dex:       It affects your dexterity (-3).
   rElec:     It insulates you from electricity.
   rPois:     It protects you from poison.
   SInv:      It lets you see invisible.
 t - the +8 great mace "Ruefalint" {drain, rF+ Str+5 Dex-4 Stlth+}
   (You found it in the Dungeon)

   A truly terrible weapon, it drains the life of any living foe it strikes.
   Str:       It affects your strength (+5).
   Dex:       It affects your dexterity (-4).
   rF:        It protects you from fire.
   Stlth:     It makes you more stealthy.
 G - the +14 obsidian axe (weapon) {vorpal, Mesm Drain Fly SInv}
   (You found it in the Dungeon)

   It inflicts extra damage upon your enemies.
   It occasionally summons demons to assist the wielder when it strikes in
   combat.
   Its wielder is mesmerised by any visible foes.
   It cannot be unequipped while any foes are visible.
   SInv:      It lets you see invisible.
   Fly:       It grants you flight.
   Drain:     It drains your maximum health when unequipped.
 J - a +2 vorpal spear
 K - a +4 glaive of venom
Armour
 c - +5 gold dragon scales (worn)
 F - a +3 tower shield
 H - the +18 shield of the Gong (worn) {rElec rN+ Will+ EV-5}
   (You found it in the Dungeon)

   It is deafeningly noisy when blocking attacks.
   EV:        It affects your evasion (-5).
   rElec:     It insulates you from electricity.
   rN:        It protects you from negative energy.
   Will:      It increases your willpower.
Jewellery
 n - the ring of Due Proportion (left hand) {rF+ rN+ rCorr SInv}
   (You found it in the Dungeon)

   [ring of protection from fire]

   rF:        It protects you from fire.
   rN:        It protects you from negative energy.
   SInv:      It lets you see invisible.
   rCorr:     It protects you from acid and corrosion.
 u - an amulet of reflection
 x - the ring of Shadows (right hand) {Umbra +Inv Stlth+}
   (You found it in the Dungeon)

   [ring of stealth]

   It surrounds you with an aura of shadow, increasing your stealth and reducing
   the accuracy of all within it (including the wearer).
   +Inv:      It lets you turn invisible.
   Stlth:     It makes you more stealthy.
 y - the ring "Kiduot Yngo" {rPois rF+ AC+4 Dex-3}
   (You found it in the Dungeon)

   [ring of protection]

   AC:        It affects your AC (+4).
   Dex:       It affects your dexterity (-3).
   rF:        It protects you from fire.
   rPois:     It protects you from poison.
 z - a +6 ring of strength
 D - the amulet "Okkeuddeu" (around neck) {Faith rC+ rN+ Str+7}
   (You found it in the Dungeon)

   [amulet of faith]

   It allows you to gain divine favour quickly.
   Str:       It affects your strength (+7).
   rC:        It protects you from cold.
   rN:        It protects you from negative energy.
 E - an amulet of the acrobat
 I - a ring of magical power
Wands
 A - a wand of mindburst (5)
 B - a wand of iceblast (4)
 C - a wand of acid (3)
Scrolls
 a - a scroll of brand weapon
 j - 4 scrolls of blinking
 o - 4 scrolls of amnesia
 p - 5 scrolls of fog
 q - a scroll of holy word
 r - 5 scrolls of identify
 s - 2 scrolls of fear
Potions
 d - 2 potions of might
 e - 9 potions of curing
 f - 10 potions of heal wounds
 g - 5 potions of haste
 h - 7 potions of magic
 i - a potion of berserk rage
 k - 2 potions of brilliance
 l - a potion of invisibility
 m - 3 potions of resistance
Miscellaneous
 w - a piece from Xom's chessboard (15/15)


   Skills:
 + Level 21.7 Fighting
 - Level 18.0 Axes
 * Level 18.5 Armour
 * Level 11.5 Dodging
 - Level 15.0 Shields
 + Level 2.8 Invocations


You had 12 spell levels left.
You didn't know any spells.
Your spell library contained the following spells:

 Spells                   Type           Power      Damage    Failure   Level
 Animate Skeleton         Necr           0%         N/A       99%         1
 Apportation              Tloc           0%         N/A       99%         1
 Sandblast                Erth           0%         2d4       99%         1
 Summon Small Mammal      Summ           0%         N/A       99%         1
 Passwall                 Tmut/Erth      0%         N/A       100%        2
 Dazzling Flash           Conj/Hex       0%         N/A       100%        3
 Inner Flame              Hex/Fire       0%         N/A       100%        3
 Ozocubu's Armour         Ice            0%         N/A       100%        3
 Stone Arrow              Conj/Erth      0%         3d7       100%        3
 Cause Fear               Hex            0%         N/A       100%        4
 Iskenderun's Mystic Bla  Conj/Tloc      0%         2d3       100%        4
 Leda's Liquefaction      Hex/Erth       0%         N/A       100%        4
 Summon Ice Beast         Ice/Summ       0%         N/A       100%        4
 Metabolic Englaciation   Hex/Ice        0%         N/A       100%        5
 Summon Forest            Summ/Tloc      0%         N/A       100%        5
 Eringya's Noxious Bog    Tmut/Pois      0%         N/A       100%        6
 Simulacrum               Ice/Necr       0%         N/A       100%        6
 Ozocubu's Refrigeration  Ice            0%         4d5       100%        7
 Summon Hydra             Summ           0%         N/A       100%        7
 Discord                  Hex            0%         N/A       100%        8
 Disjunction              Tloc           0%         N/A       100%        8
 Summon Horrible Things   Summ           0%         N/A       100%        8
 Polar Vortex             Ice            0%         N/A       100%        9


Dungeon Overview and Level Annotations

Branches:
Dungeon (1/1)

Altars:
Ashenzari
Cheibriados
Dithmenos
Elyvilon
Fedhas
Gozag
Hepliaklqana
Kikubaaqudgha
Makhleb
Nemelex Xobeh
Okawaru
Qazlal
Ru
Sif Muna
Trog
Uskayaw
Vehumet
Wu Jian
Xom
Yredelemnul
Zin
The Shining One
Beogh
Jiyva
Lugonu


Message History

Visions of slaying the Ice Fiend flood into your mind.
The shard shrike screeches! x2; The tormentor roars!
You hear a howl!
You hear a roar!
A jackal simulacrum comes into view.
An adder simulacrum comes into view.
A wendigo comes into view.
A tormentor comes into view.
Okay, then.
Visions of slaying the bat simulacrum flood into your mind.
The tormentor calls on the powers of darkness!
The shard shrike convulses! x2; Your body is wracked with pain!
A wendigo comes into view.
The Ice Fiend calls on the powers of darkness!
The shard shrike convulses! x2; Your body is wracked with pain!
The tormentor calls on the powers of darkness!
The shard shrike convulses! x2; Your body is wracked with pain!
* * * LOW HITPOINT WARNING * * *
The shard shrike claws you but does no damage.
The wendigo howls!
You slice the shard shrike!!
You kill the shard shrike!
Beogh accepts your kill.
You can now revive fallen orcs.
You slice the shard shrike!!
You kill the shard shrike!
Beogh accepts your kill.
The tormentor shouts, "I'll tear you apart!"
You block the bat simulacrum's attack.
PANG!
The tormentor calls on the powers of darkness!
Your body is wracked with pain!
* * * LOW HITPOINT WARNING * * *
An adder simulacrum comes into view.
You slice the bat simulacrum!!
You are no longer entranced.
The bat simulacrum vaporises!
Beogh accepts your kill.
Visions of slaying the Ice Fiend flood into your mind.
Visions of slaying the giant cockroach simulacrum flood into your mind.
The wendigo gestures.
The adder simulacrum collapses into a mass of ice!
The mass of ice explodes!
The seracfall engulfs you!! You partially resist.
You die...

▓.▓....▓.
▓...Z:))))..▓...©....
▓....R.R....▓▓▓▓▓▓▓▓▓
▓.2..1......▓...8©8..
▓....Z☼.2...▓..))})..
▓......Z....▓...)...o
..▓.....▓..▓........
▓.▓☼†.▓.▓ ▓.....o.o
▓..▓@....▓..▓.......o
▓.....©.....▓...o)...
▓▓▓▓▓▓▓▓▓▓▓▓▓.▓.††).▓
▓....8©8....▓...)©)..
▓...).[))}..▓▓▓▓▓▓▓▓▓
▓...}....o..▓...8©8..
▓.o....o....▓....)...
▓..)...)....▓...)"...
▓...).......▓...o3...


You could see an Ice Fiend, 2 wendigos, a tormentor, a jackal simulacrum and a
giant cockroach simulacrum (mesmerising).

Vanquished Creatures
  An ancient lich (D)
  2 shard shrikes (D)
  An Ice Fiend (D)
  2 deep elf master archers (D)
  An azure jelly (D)
  3 narguns (D)
  A deep elf high priest (D)
  A two-headed ogre (D)
  A vampire mage (D)
  3 deep elf knights (D)
  A deep elf archer (D)
  2 deep elf pyromancers (D)
  A deep elf zephyrmancer (D)
  A cyclops (D)
  A draconian (D)
  A hellion (D)
  A rime drake (D)
  A troll (D)
  3 merfolk (D)
  2 wind drakes (D)
  4 spriggans (D)
  2 wyverns (D)
  2 shadows (D)
  A steam dragon (D)
  A naga (D)
  3 acid dragons (D)
  5 water moccasins (D)
  5 swamp drakes (D)
  A black bear (D)
  A necrophage (D)
  2 wolves (D)
  2 ogres (D)
  2 wights (D)
  2 adders (D)
  An adder skeleton (D)
  A bat zombie (D)
  A ball python simulacrum (D)
  A ball python skeleton (D)
  2 bat simulacra (D)
  A quokka simulacrum (D)
  A quokka zombie (D)
71 creatures vanquished.

Vanquished Creatures (collateral kills)
  A deep elf annihilator (D)
  A deep elf high priest (D)
  3 draconians (D)
  A cyclops (D)
  A merfolk (D)
  A hornet (D)
  A shadow (D)
  A black bear (D)
  2 ogres (D)
  A centaur (D)
  An iguana (D)
  3 river rats (D)
  A ball python (D)
  2 quokka skeletons (D)
20 creatures vanquished.

Vanquished Creatures (others)
  An orc warrior (D)
  An orc wizard (D)
  An orc (D)
  An adder simulacrum (D)
4 creatures vanquished.

Grand Total: 95 creatures vanquished

Notes
Turn   | Place    | Note
-------+----------+-------------------------------------------
     0 | D        | xpp the Hill Orc Fighter began the quest for the Orb.
     0 | D        | Reached XP level 1. HP: 19/19 MP: 1/1
     0 | D        | Found a shimmering blue altar of Sif Muna.
     0 | D        | Found a sacrificial altar of Ru.
     0 | D        | Found a bloodstained altar of Trog.
     0 | D        | Found a stormy altar of Qazlal.
     0 | D        | Found an iron altar of Okawaru.
     0 | D        | Found a sparkling altar of Nemelex Xobeh.
     0 | D        | Found a blossoming altar of Fedhas.
     0 | D        | Found the +6 Majin-Bo {vamp, MP+6 Int+6}
     0 | D        | Found the +9 heavy crossbow "Sniper" {vorpal, Acc+∞ SInv}
     0 | D        | Found the +10 dark maul {vorpal}
     0 | D        | Found the +15 Maxwell's patent armour {-Cast -Tele rElec
                  | Will+ rCorr}
     0 | D        | Found the +18 shield of the Gong {rElec rN+ Will+ EV-5}
     0 | D        | Found the +14 obsidian axe {vorpal, Mesm Drain Fly SInv}
     0 | D        | Found the +7 great mace "Firestarter" {inner flame, rF++}
     0 | D        | Found the +6 shillelagh "Devastator" {shatter}
     0 | D        | Found the +11 plutonium sword {Contam Stlth-}
     0 | D        | Found the +8 lance "Wyrmbane" {slay drac, rPois rF+ rC+
                  | AC+3}
     0 | D        | Found the +9 sword of Zonguldrok {reap}
     0 | D        | Found the +13 scythe of Curses {drain, Drain}
     0 | D        | Found the +5 sword of Power {vorpal}
     0 | D        | Found the +7 mace of Variability {chain chaos}
     0 | D        | Found the +7 Singing Sword {vorpal, sonic wave}
     0 | D        | Found the +8 storm bow {elec, penet}
     2 | D        | Found a transporter.
     2 | D        | Found an ancient bone altar of Kikubaaqudgha.
     2 | D        | Found a viscous altar of Jiyva.
     2 | D        | Found a corrupted altar of Lugonu.
     2 | D        | Found a hazy altar of Hepliaklqana.
     2 | D        | Found a burning altar of Makhleb.
     2 | D        | Found an opulent altar of Gozag.
    56 | D        | Became a worshipper of Beogh the Brigand
    78 | D        | Reached skill level 5 in Shields
    78 | D        | Reached XP level 2. HP: 26/26 MP: 2/2
    81 | D        | Entered arena 2.
    81 | D        | Noticed a wight
    81 | D        | Found a transporter.
    83 | D        | Killed a wight
    84 | D        | Reached skill level 4 in Fighting
    84 | D        | Reached XP level 3. HP: 34/34 MP: 3/3
    93 | D        | Entered arena 3.
    93 | D        | Noticed a troll
    93 | D        | Noticed an ogre
    93 | D        | Noticed a two-headed ogre
    93 | D        | Found a transporter.
    95 | D        | Killed an ogre
    95 | D        | Reached * piety under Beogh
    96 | D        | Reached skill level 6 in Fighting
    96 | D        | Reached skill level 5 in Armour
    96 | D        | Reached XP level 4. HP: 44/44 MP: 4/4
    96 | D        | Reached XP level 5. HP: 50/50 MP: 5/5
    98 | D        | Killed a troll
    99 | D        | Reached skill level 7 in Fighting
    99 | D        | Reached XP level 6. HP: 55/61 MP: 6/6
    99 | D        | Killed a two-headed ogre
   100 | D        | Reached skill level 9 in Fighting
   100 | D        | Reached XP level 7. HP: 64/71 MP: 7/7
   100 | D        | Reached XP level 8. HP: 72/79 MP: 8/8
   125 | D        | Entered arena 4.
   125 | D        | Noticed a draconian
   125 | D        | Noticed a draconian
   125 | D        | Noticed a draconian
   125 | D        | Noticed a draconian
   125 | D        | Found a transporter.
   129 | D        | Killed a draconian
   129 | D        | Reached ** piety under Beogh
   129 | D        | Killed a draconian
   130 | D        | Reached skill level 10 in Fighting
   130 | D        | Reached skill level 15 in Axes
   130 | D        | Reached skill level 10 in Armour
   130 | D        | Reached skill level 10 in Shields
   130 | D        | Reached XP level 9. HP: 80/86 MP: 9/9
   131 | D        | Killed a draconian
   132 | D        | Reached skill level 11 in Fighting
   133 | D        | Killed a draconian
   139 | D        | Entered arena 5.
   139 | D        | Found the +8 Vampire's Tooth {vamp}
   139 | D        | Noticed a cyclops
   139 | D        | Found a transporter.
   142 | D        | Reached *** piety under Beogh
   146 | D        | Killed a cyclops
   147 | D        | Reached skill level 12 in Fighting
   149 | D        | Got the ring of Due Proportion {rF+ rN+ rCorr SInv}
   209 | D        | Entered arena 6.
   209 | D        | Found a transporter.
   211 | D        | Reached **** piety under Beogh
   213 | D        | Reached ***** piety under Beogh
   240 | D        | Entered arena 7.
   240 | D        | Noticed a rime drake
   241 | D        | Found a transporter.
   245 | D        | Killed a rime drake
   246 | D        | Reached XP level 10. HP: 96/99 MP: 10/10
   252 | D        | Reached skill level 1 in Dodging
   258 | D        | Got the Incunabulum of the Escort and Curses
   260 | D        | Got the ring of Nemelex Xobeh's Regard {Fly Int+7 Slay-2}
   271 | D        | Entered arena 8.
   272 | D        | Found a transporter.
   277 | D        | Reached skill level 13 in Fighting
   279 | D        | Reached ****** piety under Beogh
   285 | D        | Got the amulet of Ephemeral Luck {Faith Contam Str+10
                  | Dex+5}
   294 | D        | Entered arena 9.
   294 | D        | Noticed a spriggan rider
   302 | D        | Found a transporter.
   303 | D        | Gained Zorug as an ally
   384 | D        | Got the +6 shortbow of Feral Integrity {freeze, rElec rPois
                  | Dex-3 SInv}
   386 | D        | Got the ring "Quoh" {rPois rN++ Will- Str+6 Int+4}
   389 | D        | Entered arena 10.
   389 | D        | Found the +7 sceptre of Torment {pain, torment}
   389 | D        | Noticed a cyclops
   396 | D        | Reached skill level 14 in Fighting
   396 | D        | Reached skill level 15 in Shields
   397 | D        | Found a transporter.
   402 | D        | Killed a cyclops
   403 | D        | Reached XP level 11. HP: 62/111 MP: 8/11
   424 | D        | Got Sif Muna's Grimoire of Dislocation
   605 | D        | Entered arena 11.
   605 | D        | Found the brooch of Shielding {Spirit SH+8}
   606 | D        | Found a transporter.
   609 | D        | Reached skill level 15 in Fighting
   614 | D        | Reached skill level 5 in Dodging
   623 | D        | Got the ring of the Snail {Wiz rF+ Int+2 Dex+8 Slay-3}
   634 | D        | Got the +8 great mace "Ruefalint" {drain, rF+ Str+5 Dex-4
                  | Stlth+}
   636 | D        | Entered arena 12.
   636 | D        | Noticed an Ice Fiend
   636 | D        | Noticed a nargun
   636 | D        | Noticed a nargun
   638 | D        | Noticed an azure jelly
   638 | D        | Noticed a nargun
   639 | D        | Noticed an ancient lich
   645 | D        | Killed a nargun
   649 | D        | Killed a nargun
   649 | D        | Killed an Ice Fiend
   649 | D        | Gained Argrim as an ally
   650 | D        | Reached skill level 17 in Fighting
   650 | D        | Reached skill level 15 in Armour
   650 | D        | Killed a nargun
   651 | D        | Found a transporter.
   653 | D        | Killed an azure jelly
   654 | D        | Reached skill level 18 in Fighting
   655 | D        | Killed an ancient lich
   656 | D        | Reached skill level 19 in Fighting
   656 | D        | Reached XP level 12. HP: 46/130 MP: 9/12
  1098 | D        | Entered arena 13.
  1098 | D        | Found the ring of Shadows {Umbra +Inv Stlth+}
  1098 | D        | Noticed a vampire mage
  1108 | D        | Reached skill level 10 in Dodging
  1109 | D        | Killed a vampire mage
  1116 | D        | Reached skill level 1 in Invocations
  1119 | D        | Found a transporter.
  1129 | D        | Got the amulet "Okkeuddeu" {Faith rC+ rN+ Str+7}
  1133 | D        | Got Ixza's Papyrus of the Glacier
  1164 | D        | Entered arena 14.
  1165 | D        | Noticed a deep elf knight
  1165 | D        | Noticed a deep elf high priest
  1165 | D        | Noticed a deep elf knight
  1165 | D        | Noticed a deep elf master archer
  1166 | D        | Noticed a deep elf master archer
  1166 | D        | Identified the +1 mace of Departure {flame, Int+2 Dex+3}
  1166 | D        | Noticed a deep elf knight
  1174 | D        | Killed a deep elf knight
  1175 | D        | Reached skill level 20 in Fighting
  1175 | D        | Noticed a deep elf high priest
  1177 | D        | Noticed a deep elf annihilator
  1181 | D        | Killed a deep elf master archer
  1182 | D        | Killed a deep elf knight
  1185 | D        | Killed a deep elf annihilator
  1185 | D        | HP: 1/134 [deep elf master archer/arrow (17)]
  1188 | D        | Killed a deep elf high priest
  1193 | D        | Killed a deep elf knight
  1194 | D        | Killed a deep elf master archer
  1195 | D        | Reached skill level 21 in Fighting
  1195 | D        | Killed a deep elf high priest
  1197 | D        | Found a transporter.
  1203 | D        | Reached XP level 13. HP: 116/143 MP: 13/15
  1232 | D        | Got the ring "Kiduot Yngo" {rPois rF+ AC+4 Dex-3}
  1506 | D        | Entered arena 15.
  1507 | D        | Noticed an Ice Fiend
  1507 | D        | Noticed a shard shrike
  1507 | D        | Noticed a shard shrike
  1507 | D        | Noticed a wendigo
  1508 | D        | Noticed a wendigo
  1509 | D        | Killed a shard shrike
  1509 | D        | Killed a shard shrike
  1511 | D        | Killed from afar by a wendigo

Illustrated notes

Levels and vault maps discovered:
D:        sprint_v [room_start, room_1, room_2, room_3, room_4, room_5, room_6,
          room_7, room_8, room_9, room_10, room_11, room_12, room_13, room_14,
          room_15, room_16, room_17, room_18, room_19, room_20, room_21,
          room_22, room_23, room_24, room_25, room_26, room_27]

Skill      XL: |  1  2  3  4  5  6  7  8  9 10 11 12 |
---------------+-------------------------------------+-----
Axes           | 8 9 11 13 15 18 | 18.0
Shields        | 5 6 7 8 9 10 12 15 | 15.0
Fighting       | 4 6 7 9 10 12 14 19 21 | 21.7
Armour         | 4 5 7 9 10 12 13 16 18 | 18.5
Dodging        | 4 9 11 | 11.5
Invocations    | 2 |  2.8

Action                   |  1- 3 |  4- 6 |  7- 9 | 10-12 | 13-15 || total
-------------------------+-------+-------+-------+-------+-------++-------
Melee: Broad axe         |     2 |     4 |    12 |    87 |     6 ||   111
Invok: Recall Orcish Fol |       |       |       |     6 |     1 ||     7
       Resurrection      |       |       |       |     1 |     1 ||     2
       Smiting           |       |       |       |     1 |       ||     1
       Give Item to Name |       |       |       |     1 |       ||     1
Evoke: Wand              |     3 |       |     1 |     5 |       ||     9
  Use: Potion            |     2 |       |     2 |    14 |     1 ||    19
       Scroll            |       |       |       |     2 |       ||     2
 Stab: Invisible         |       |       |     2 |       |       ||     2
       Distracted        |       |       |     1 |     2 |     1 ||     4
Armor: Gold dragon scale |       |       |     1 |    26 |     7 ||    34
Dodge: Dodged            |       |     5 |     9 |     5 |     1 ||    20
Block: Buckler           |     1 |     1 |     3 |       |       ||     5
       Kite shield       |       |       |     3 |   147 |    10 ||   160
       Reflection        |       |       |       |     5 |       ||     5

Table legend: (Time is in decaauts)
 A = Elapsed time spent in this place.
 B = Non-inter-level travel time spent in this place.
 C = Inter-level travel time spent in this place.
 D = Time resting spent in this place.
 E = Time spent auto-exploring this place.
 F = Levels seen in this place.
 G = Mean time per level.
                   A        B        C        D        E       F      G
               +--------+--------+--------+--------+--------+-----+--------+
         Total |   1478 |   1478 |      0 |    932 |     10 |   1 | 1478.0 |
       Dungeon |   1478 |   1478 |      0 |    932 |     10 |   1 | 1478.0 |
               +--------+--------+--------+--------+--------+-----+--------+

Top non-repeatable levels by time:
       D: 1478 daAuts
